 Dungeon Crawl Stone Soup version 0.23.2-1-ga50397a6bc (webtiles) character file.

Game seed: 6924742795441207585

368 Norn the Conjurer (level 6, -4/42 HPs)
             Began as an Octopode Wizard on May 4, 2019.
             Killed from afar by an orc wizard (9 damage)
             ... with a magic dart
             ... on level 3 of the Dungeon.
             The game lasted 00:14:26 (5409 turns).

Norn the Conjurer (Octopode Wizard)                 Turns: 5409, Time: 00:14:26

Health: -4/42      AC:  1    Str:  7    XL:     6   Next: 69%
Magic:  2/12       EV: 13    Int: 22    God:
Gold:   170        SH:  0    Dex: 10    Spells: 7/13 levels left

rFire    . . .     SeeInvis .   (no weapon)
rCold    . . .     Gourm    .   (no shield)
rNeg     . . .     Faith    .   a - +0 hat
rPois    .         Spirit   .   (no amulet)
rElec    .         Reflect  .   (no ring)
rCorr    .         Harm     .   (no ring)
MR       .....                  (no ring)
Stlth    +++.......             (no ring)
HPRegen  0.14/turn              (no ring)
MPRegen  0.13/turn              (no ring)
                                (no ring)
                                (no ring)

@: very slightly contaminated, hasted, very quick
A: almost no armour, stealthy swim, amphibious, 8 rings, constrict 8, camouflage
1, gelatinous body 1
a: no special abilities


You were on level 3 of the Dungeon.
You were hungry.

You visited 1 branch of the dungeon, and saw 4 of its levels.

You collected 170 gold pieces.

Inventory:

Armour
 a - a +0 hat (worn)
Jewellery
 b - an uncursed amulet of the acrobat {unknown}
   (You found it on level 1 of the Dungeon)
 d - a +4 amulet of reflection
   (You took it off a hobgoblin on level 1 of the Dungeon)
 k - a cursed ring of teleportation {unknown}
   (You found it on level 2 of the Dungeon)
 l - a cursed ring of teleportation {unknown}
   (You found it on level 2 of the Dungeon)
Wands
 s - a wand of random effects (12)
   (You took it off Crazy Yiuf on level 3 of the Dungeon)
Scrolls
 c - 3 scrolls of identify {unknown}
 g - a scroll of teleportation {unknown}
 h - a scroll of blinking {unknown}
 j - 4 scrolls of enchant armour {unknown}
 m - 2 scrolls of remove curse {unknown}
 n - 3 scrolls of enchant weapon {unknown}
 r - a scroll of magic mapping {unknown}
Potions
 f - 2 potions of haste {@q3}
 o - a potion of invisibility {unknown}
 p - a potion of mutation {unknown}
 q - a potion of heal wounds {unknown}
Comestibles
 e - 5 rations {!d}


   Skills:
 + Level 3.1 Fighting
 - Level 2.0 Dodging
 - Level 2.6 Stealth
 + Level 4.2 Spellcasting
 * Level 4.6 Conjurations
 - Level 1.0 Summonings
   Level 1.0 Translocations


You had 7 spell levels left.
You knew the following spells:

 Your Spells              Type           Power        Failure   Level  Hunger
a - Magic Dart            Conj           ####         1%          1    None
f - Mephitic Cloud        Conj/Pois/Air  ##......     17%         3    ##.....
x - Call Imp              Summ           #.......     11%         2    #......

Your spell library contained the following spells:

 Spells                   Type           Power        Failure   Level  Hunger
 Blink                    Tloc           N/A          11%         2    #......
 Conjure Flame            Conj/Fire      ##......     13%         3    ##.....
 Slow                     Hex            #.......     17%         2    #......


Dungeon Overview and Level Annotations

Branches:
Dungeon (4/15)
 Temple: D:4-7

Altars:


Innate Abilities, Weirdness & Mutations

You cannot wear most types of armour.
You are very stealthy in the water. (Stealth+)
You are amphibious.
You can wear up to eight rings at the same time.
You can use your tentacles to constrict eight enemies at once.
Your skin changes colour to match your surroundings (Stealth+).
Your rubbery body absorbs attacks. (AC +1, EV +1)


Message History

The puff of frost hits you!
* * * LOW HITPOINT WARNING * * *
There is a stone staircase leading up, spattered with blood here.
Something hits you.
* * * LOW HITPOINT WARNING * * *
You climb upwards.
Reactivating autopickup.
There is a stone staircase leading down here.
Deactivating autopickup; reactivate with Ctrl-A.
You closely miss something. Something hits you.
* * * LOW HITPOINT WARNING * * *
Something hits you.
* * * LOW HITPOINT WARNING * * *
It was a potion of haste.
You feel yourself speed up.
You hear some strange, mumbled words.
A puff of frost appears from out of thin air!
The puff of frost hits you!
* * * LOW HITPOINT WARNING * * *
It was a potion of curing.
You feel better. Something hits you but does no damage.
You closely miss something. Something hits you.
* * * LOW HITPOINT WARNING * * *
Unknown command.
You miss something. Something completely misses you.
Unknown command.
You closely miss something. Something hits you.
* * * LOW HITPOINT WARNING * * *
Something hits you.
* * * LOW HITPOINT WARNING * * *
You feel better. Something barely misses you.
A beastly little devil appears in a puff of flame.
You miscast Call Imp.
You are very lightly contaminated with residual magic.
The world appears momentarily distorted.
You are feeling hungry.
Something hits you but does no damage.
Unknown command.
A beastly little devil appears in a puff of frigid air.
You hear some strange, mumbled words.
A puff of frost appears from out of thin air!
The puff of frost hits you!
* * * LOW HITPOINT WARNING * * *
Your crimson imp barely misses something.
You hear some strange, mumbled words.
A magic dart appears from out of thin air!
The magic dart hits you!
You die...

#######.#..#.#####.........##
#.....#.............####...##
#.###.####.#.######## #...##
#.# #.# #...# #...## #.# #.#
##..# ###### #.# #.# #..# #
#.# #.# #.5##### # #.# #.#
##{#5..############ #.# #.#
#@...............# #####.# #.#
#####[..##########.# ......#
#.# #.....########## #..
.##...# #.# #.....# #.....#
### .##...# #.#
#.....####.....## .##...# #.#
#.........[.....#
.##...###.####.....####......#
.#####.............# #......#
## #.......#.....# #......#


You could see a friendly crimson imp and a friendly white imp.

Vanquished Creatures
  A centaur (D:4)
  A bullfrog skeleton (D:4)
  A worker ant (D:4)
  Natasha (D:3)
  A hound skeleton (D:3)
  5 adders
  A dart slug (D:1)
  3 leopard geckos
  4 orcs (D:4)
  2 bats
  5 giant cockroaches
  7 goblins
  7 hobgoblins
  2 ball pythons
  5 frilled lizards
  4 kobolds
  7 rats
57 creatures vanquished.

Vanquished Creatures (collateral kills)
  An orc priest (D:3)
  Crazy Yiuf (D:3)
  Jessica (D:3)
  Terence (D:3)
  An iguana (D:4)
  Natasha (twice) (D:3)
  An adder (D:3)
  2 worms
  2 jackals (D:3)
12 creatures vanquished.

Grand Total: 69 creatures vanquished

Notes
Turn   | Place    | Note
-------+----------+-------------------------------------------
     0 | D:1      | Norn the Octopode Wizard began the quest for the Orb.
     0 | D:1      | Reached XP level 1. HP: 11/11 MP: 4/4
   224 | D:1      | Reached XP level 2. HP: 18/18 MP: 4/6
   244 | D:1      | Learned a level 2 spell: Call Imp
   679 | D:1      | Reached skill level 1 in Fighting
   766 | D:1      | Reached XP level 3. HP: 22/23 MP: 2/7
  2065 | D:3      | Reached XP level 4. HP: 28/28 MP: 3/9
  2219 | D:3      | Noticed Terence
  2297 | D:3      | Killed Terence
  2476 | D:3      | Noticed Natasha
  2481 | D:3      | Killed Natasha
  2552 | D:3      | Found a runed translucent door.
  2553 | D:3      | Noticed Crazy Yiuf
  2602 | D:3      | Noticed Jessica
  2614 | D:3      | Killed Jessica
  2614 | D:3      | Reached XP level 5. HP: 34/34 MP: 3/10
  2774 | D:3      | Noticed Natasha
  2859 | D:3      | Killed Natasha
  3535 | D:3      | Noticed Natasha
  3553 | D:3      | Killed Natasha
  3821 | D:3      | Killed Crazy Yiuf
  4487 | D:3      | Reached XP level 6. HP: 37/41 MP: 3/12
  4555 | D:3      | Learned a level 3 spell: Mephitic Cloud
  5401 | D:3      | HP: 2/42 [something/puff of frost (8)]
  5409 | D:3      | Killed from afar by an orc wizard

Skill      XL: |  1  2  3  4  5  6 |
---------------+-------------------+-----
Conjurations   | 2 3 4 |  4.6
Fighting       | 1 2 3 |  3.1
Spellcasting   | 4 |  4.2
Dodging        | |  2.0
Stealth        | |  2.6
Summonings     | |  1.0
Translocations | |  1.0

Action                   |  1- 3 |  4- 6 || total
-------------------------+-------+-------++-------
Melee: Unarmed           |    24 |    20 ||    44
       Constrict         |     6 |     5 ||    11
       Tentacles         |     3 |     2 ||     5
 Cast: Magic Dart        |    91 |    99 ||   190
       Call Imp          |     3 |    42 ||    45
  Use: Potion            |       |     3 ||     3
  Eat: Chunk             |     3 |    11 ||    14
Armor: Skin              |     1 |     1 ||     2
Dodge: Dodged            |    20 |    43 ||    63
